Dungeon Crawl Stone Soup version 0.32-a0-666-ge8a8869 (webtiles) character file.

Game seed: 5826162251117332228 710226 moXom the Petrodigitator (level 27, -104/176 (177) HPs) Began as a Gargoyle Earth Elementalist on Mar 9, 2024. Was the Champion of Sif Muna. Killed by Shatter ... invoked by Giukefig's ghost (152 damage) ... on level 9 of a ziggurat. The game lasted 03:36:17 (87350 turns). moXom the Petrodigitator (GrEE) Turns: 87350, Time: 03:36:17 HP: -104/176 (177)AC: 32 Str: 15 XL: 27 MP: 30/71 EV: 12 Int: 32 God: Sif Muna [******] Gold: 6771 SH: 0 Dex: 16 Spells: 25/76 levels left rFire + . . a - staff of Stickiness {rN+ Will- rCorr Dex+3 SInv Necro Earth} rCold + + + S - orb of Uve Jiarch {*channel, Slay+3 Ice} rNeg + + . c - +2 robe {rF+} rPois ∞ y - +3 hat of Pondering {ponderous, Will+ MP+10 Int+5} rElec + d - scarf "Biec" {repulsion, rC+++} rCorr + O - +1 pair of gloves {Dex+3} SInv + r - +1 pair of boots Will +++.. p - amulet of magic regeneration Stlth +++++ U - ring of wizardry HPRegen 0.49/turn x - ring of the Komtur {Will+ MP+9} MPRegen 0.82/turn %: repel missiles, wizardry (x1), channel magic (20%) @: flying, very slightly contaminated, studying 4 skills, lightly drained, slow A: sickness immunity, AC +20, big wings, negative energy resistance 1, electricity resistance, torment resistance 1, petrification resistance, see invisible, mutation resistance 1 }: 5/15 runes: decaying, serpentine, slimy, silver, abyssal a: Renounce Religion, Channel Magic, Forget Spell, Divine Exegesis


You were on level 9 of a ziggurat.
You worshipped Sif Muna.
Sif Muna was exalted by your worship.
You visited 12 branches of the dungeon, and saw 56 of its levels.
You visited the Abyss 3 times.
You visited 1 ziggurat, and saw 9 of its levels.
You also visited: Trove, Ice Cave and Volcano.

You collected 10379 gold pieces.
You spent 3608 gold pieces at shops.

Inventory:

Hand Weapons
 R - the +8 mithril axe "Arga" {speed, Will+}
   (You found it on level 8 of a ziggurat)

   Will+:     It increases your willpower.
Armour
 c - a +2 robe of fire resistance (worn)
 d - the scarf "Biec" (worn) {repulsion, rC+++}
   (You acquired it on level 3 of the Snake Pit)

   rC+++:     It renders you almost immune to cold.
 r - a +1 pair of boots (worn)
 y - the +3 hat of Pondering (worn) {ponderous, Will+ MP+10 Int+5}
   (You found it on level 5 of the Vaults)

   Int+5:     It affects your intelligence (+5).
   Will+:     It increases your willpower.
   MP+10:     It affects your magic capacity (+10).
 L - the +0 kite shield "Zariah" {rElec rC+ Regen+ Dex-5}
   (You found it in a treasure trove)

   Dex-5:     It affects your dexterity (-5).
   rC+:       It protects you from cold.
   rElec:     It insulates you from electricity.
   Regen+:    It increases your rate of health regeneration.
 O - a +1 pair of gloves of dexterity (worn)
 S - the orb of Uve Jiarch (worn) {*channel, Slay+3 Ice}
   (You took it off a vault sentinel on level 5 of the Vaults)

   Slay+3:    It affects your accuracy & damage with ranged weapons and melee
   (+3).
   Ice:       It increases the power of your Ice spells.
Magical Staves
 a - the staff of Stickiness (weapon) {rN+ Will- rCorr Dex+3 SInv Necro Earth}
   (You found it on level 3 of the Crypt)

   [staff of death]

   Base accuracy: +5 Base damage: 5 Base attack delay: 1.2 This weapon's minimum
   attack delay (0.6) is reached at skill level 12.
   Dex+3:     It affects your dexterity (+3).
   rN+:       It protects you from negative energy.
   Will-:     It decreases your willpower.
   SInv:      It lets you see invisible.
   rCorr:     It protects you from acid and corrosion.
   Necro:     It increases the power of your Necromancy spells.
   Earth:     It increases the power of your Earth spells.
   It falls into the 'Staves' category.
   It is a one-handed weapon.
 b - a staff of conjuration
 g - a staff of fire
 P - the staff "Nilluef" {rCorr Summ Earth}
   (You found it on level 6 of a ziggurat)

   [staff of earth]

   Base accuracy: +5 Base damage: 5 Base attack delay: 1.2 This weapon's minimum
   attack delay (0.6) is reached at skill level 12.
   rCorr:     It protects you from acid and corrosion.
   Summ:      It increases the power of your Summonings spells.
   Earth:     It increases the power of your Earth spells.
   It falls into the 'Staves' category.
   It is a one-handed weapon.
 Q - the staff of Capital Punishment {rN+ Str+3 Necro}
   (You found it on level 6 of a ziggurat)

   [staff of death]

   Base accuracy: +5 Base damage: 5 Base attack delay: 1.2 This weapon's minimum
   attack delay (0.6) is reached at skill level 12.
   Str+3:     It affects your strength (+3).
   rN+:       It protects you from negative energy.
   Necro:     It increases the power of your Necromancy spells.
   It falls into the 'Staves' category.
   It is a one-handed weapon.
 Z - the staff "Conservator" {rElec Str+2 Tloc Air}
   (You found it on level 3 of the Depths)

   [staff of air]

   Base accuracy: +5 Base damage: 5 Base attack delay: 1.2 This weapon's minimum
   attack delay (0.6) is reached at skill level 12.
   Str+2:     It affects your strength (+2).
   rElec:     It insulates you from electricity.
   Tloc:      It increases the power of your Translocations spells.
   Air:       It increases the power of your Air spells.
   It falls into the 'Staves' category.
   It is a one-handed weapon.
Jewellery
 p - an amulet of magic regeneration (around neck)
 x - the ring of the Komtur (right hand) {Will+ MP+9}
   (You found it in an ice cave)

   [ring of magical power]

   Will+:     It increases your willpower.
   MP+9:      It affects your magic capacity (+9).
 F - the ring "Etsastri" {rF+ rCorr Str+3 Dex+3}
   (You found it on level 5 of the Pits of Slime)

   [ring of protection from fire]

   Str+3:     It affects your strength (+3).
   Dex+3:     It affects your dexterity (+3).
   rF+:       It protects you from fire.
   rCorr:     It protects you from acid and corrosion.
 G - the amulet "Isoiheto" {Acrobat rCorr Str+3 Int+3}
   (You found it in a treasure trove)

   [amulet of the acrobat]

   Acrobat:   It increases your evasion while moving and waiting.
   Str+3:     It affects your strength (+3).
   Int+3:     It affects your intelligence (+3).
   rCorr:     It protects you from acid and corrosion.
 J - the ring "Duedizoy" {rElec rPois Will+ SInv}
   (You found it on level 5 of the Pits of Slime)

   [ring of see invisible]

   rElec:     It insulates you from electricity.
   rPois:     It protects you from poison.
   Will+:     It increases your willpower.
   SInv:      It lets you see invisible.
 K - the amulet of the Destroying Gods {Fly Will+ Regen+ Int-2 Stlth+}
   (You found it in a treasure trove)

   [amulet of regeneration]

   Int-2:     It affects your intelligence (-2).
   Will+:     It increases your willpower.
   Fly:       It grants you flight.
   Regen+:    It increases your rate of health regeneration.
   Stlth+:    It makes you more stealthy.
 U - a ring of wizardry (left hand)
Wands
 i - a wand of digging (29)
 X - a wand of light (44)
Scrolls
 n - 27 scrolls of teleportation
 t - 13 scrolls of immolation
 u - 9 scrolls of amnesia
 v - 3 scrolls of blinking
 w - 15 scrolls of fear
 A - a scroll of enchant weapon
 B - 12 scrolls of poison
 D - 20 scrolls of enchant armour
 E - 7 scrolls of silence
 M - 9 scrolls of fog
 N - 6 scrolls of summoning
 W - 5 scrolls of revelation
Potions
 e - 3 potions of haste
 f - 4 potions of invisibility
 j - 11 potions of ambrosia
 k - 14 potions of heal wounds
 l - 4 potions of cancellation
 m - 3 potions of resistance
 o - 6 potions of brilliance
 q - 19 potions of mutation
 s - 15 potions of might
 z - 11 potions of lignification
 H - 20 potions of curing
 I - 5 potions of magic
 T - 2 potions of berserk rage
 V - 7 potions of enlightenment
 Y - 9 potions of attraction
Miscellaneous
 h - a condenser vane
 C - a box of beasts


   Skills:
 + Level 19.4 Fighting
 - Level 6.0 Armour
 - Level 1.5 Dodging
 - Level 13.0 Stealth
 + Level 25.1 Spellcasting
 + Level 25.1 Conjurations
 * Level 23.0 Fire Magic
 O Level 27 Earth Magic
 + Level 13.4 Invocations


You had 25 spell levels left.
You knew the following spells:

 Your Spells              Type           Power      Damage    Failure   Level
a - Spellforged Servitor  Conj/Summ      44%        N/A       4%          7
b - Shatter               Erth           72%        3d53*     2%          9
c - Lehudib's Crystal Sp  Conj/Erth      71%        10d16     1%          8
d - Iskenderun's Mystic   Conj/Tloc      88%        2d17      1%          4
e - Irradiate             Conj/Alch      44%        3d26      1%          5
f - Orb of Destruction    Conj           58%        9d14      1%          7
g - Fire Storm            Conj/Fire      57%        8d14      4%          9
q - Blink                 Tloc           80%        N/A       2%          2

Your spell library contained the following spells:

 Spells                   Type           Power      Damage    Failure   Level
 Apportation              Tloc           80%        N/A       1%          1
 Foxfire                  Conj/Fire      100%       2x1d9     1%          1
 Freeze                   Ice            100%       1d10      1%          1
 Kiss of Death            Conj/Necr      100%       2d13      1%          1
 Magic Dart               Conj           100%       1d8       1%          1
 Necrotise                Necr           100%       1d9       1%          1
 Sandblast                Erth           100%       2d20      1%          1
 Shock                    Conj/Air       100%       1d9       1%          1
 Slow                     Hex            100%       N/A       1%          1
 Sting                    Conj/Alch      100%       1d9       1%          1
 Summon Small Mammal      Summ           100%       N/A       1%          1
 Momentum Strike          Conj/Tloc      100%       3d10      1%          2
 Scorch                   Fire           100%       2d9       1%          2
 Searing Ray              Conj           100%       2d8       1%          2
 Static Discharge         Conj/Air       100%       3-8/arc   1%          2
 Dazzling Flash           Conj/Hex       100%       N/A       1%          3
 Hailstorm                Conj/Ice       100%       3d16      1%          3
 Inner Flame              Hex/Fire       85%        N/A       1%          3
 Mephitic Cloud           Conj/Alch/Air  76%        N/A       1%          3
 Passwall                 Erth           100%       N/A       1%          3
 Stone Arrow              Conj/Erth      100%       3d13      1%          3
 Volatile Blastmotes      Fire/Tloc      100%       2d18      1%          3
 Animate Armour           Summ/Erth      100%       N/A       1%          4
 Brom's Barrelling Bould  Conj/Erth      100%       2d11      1%          4
 Flame Wave               Conj/Fire      100%       2d21      1%          4
 Fulminant Prism          Conj/Alch      44%        3d19      1%          4
 Ignite Poison            Fire/Alch      85%        N/A       1%          4
 Leda's Liquefaction      Alch/Erth      56%        N/A       1%          4
 Petrify                  Alch/Erth      100%       N/A       1%          4
 Sticky Flame             Fire/Alch      85%        2d13      1%          4
 Summon Blazeheart Golem  Fire/Summ      85%        N/A       1%          4
 Arcjolt                  Conj/Air       44%        1d54      1%          5
 Borgnjor's Vile Clutch   Necr/Erth      68%        N/A       1%          5
 Fireball                 Conj/Fire      57%        3d22      1%          5
 Freezing Cloud           Conj/Ice/Air   48%        6-21      1%          5
 Iskenderun's Battlesphe  Conj           100%       2d15      1%          5
 Lee's Rapid Deconstruct  Erth           72%        3d32*     1%          5
 Bombard                  Conj/Erth      71%        9d11      1%          6
 Conjure Ball Lightning   Conj/Air       44%        3x3d15    1%          6
 Plasma Beam              Fire/Air       42%        2x1d56    1%          6
 Starburst                Conj/Fire      57%        6d15      1%          6
 Ignition                 Fire           56%        3d15      1%          8
 Call Imp                 Summ           80%        N/A       2%          2
 Ensorcelled Hibernation  Hex/Ice        100%       N/A       2%          2
 Jinxbite                 Hex            80%        N/A       2%          2
 Lesser Beckoning         Tloc           80%        N/A       2%          2
 Mercury Vapours          Alch/Air       80%        N/A       2%          2
 Call Canine Familiar     Summ           40%        N/A       3%          3
 Confusing Touch          Hex            40%        N/A       3%          3
 Frozen Ramparts          Ice            100%       1d16      3%          3
 Fugue of the Fallen      Necr           57%        N/A       3%          3
 Gell's Gravitas          Tloc           40%        N/A       3%          3
 Ozocubu's Armour         Ice            57%        N/A       3%          3
 Sigil of Binding         Hex            40%        N/A       3%          3
 Summon Ice Beast         Ice/Summ       57%        N/A       3%          3
 Swiftness                Air            40%        N/A       3%          3
 Teleport Other           Tloc           40%        N/A       3%          3
 Tukima's Dance           Hex            40%        N/A       3%          3
 Vampiric Draining        Necr           57%        2d10      3%          3
 Airstrike                Air            20%        2d(3-19)  7%          4
 Anguish                  Hex/Necr       28%        N/A       7%          4
 Animate Dead             Necr           57%        N/A       7%          4
 Cause Fear               Hex            20%        N/A       7%          4
 Dimensional Bullseye     Hex/Tloc       20%        N/A       7%          4
 Dispel Undead            Necr           57%        3d20      7%          4
 Manifold Assault         Tloc           40%        N/A       7%          4
 Martyr's Knell           Necr/Summ      57%        N/A       7%          4
 Olgreb's Toxic Radiance  Alch           40%        N/A       7%          4
 Passage of Golubria      Tloc           40%        N/A       7%          4
 Summon Lightning Spire   Summ/Air       40%        N/A       7%          4
 Vhi's Electric Charge    Tloc/Air       80%        N/A       7%          4
 Alistair's Intoxication  Alch           26%        N/A       16%         5
 Curse of Agony           Necr           57%        N/A       16%         5
 Metabolic Englaciation   Hex/Ice        28%        N/A       16%         5
 Silence                  Hex/Air        20%        N/A       16%         5
 Summon Forest            Summ/Tloc      20%        N/A       16%         5
 Summon Mana Viper        Hex/Summ       40%        N/A       16%         5
 Yara's Violent Unravell  Hex/Alch       20%        3d9       16%         5
 Death Channel            Necr           28%        N/A       52%         6
 Dispersal                Tloc           20%        N/A       52%         6
 Eringya's Noxious Bog    Alch           20%        4d6       52%         6
 Sculpt Simulacrum        Ice/Alch       28%        N/A       52%         6
 Summon Cactus Giant      Summ           20%        N/A       52%         6
 Chain Lightning          Conj/Air       44%        3d58      89%         9
 Enfeeble                 Hex            20%        N/A       95%         7
 Haunt                    Necr/Summ      28%        N/A       95%         7
 Malign Gateway           Summ/Tloc      20%        N/A       95%         7
 Monstrous Menagerie      Summ           20%        N/A       95%         7
 Ozocubu's Refrigeration  Ice            28%        4d13      95%         7
 Summon Hydra             Summ           20%        N/A       95%         7
 Borgnjor's Revivificati  Necr           28%        N/A       100%        8
 Discord                  Hex            20%        N/A       100%        8
 Disjunction              Tloc           20%        N/A       100%        8
 Infestation              Necr           28%        N/A       100%        8
 Maxwell's Capacitive Co  Air            20%        ∞         100%        8
 Summon Horrible Things   Summ           20%        N/A       100%        8
 Death's Door             Necr           28%        N/A       100%        9
 Dragon's Call            Summ           20%        N/A       100%        9
 Polar Vortex             Ice            28%        12d3*     100%        9
 Cigotuvi's Dreadful Rot  Necr/Alch/Air  Unusable   N/A       N/A         2

Dungeon Overview and Level Annotations

Branches:
Dungeon (15/15) Zot: 21868  Temple (1/1) D:4 Zot: 5945    Lair (5/5) D:9 Zot: 20428
  Swamp (4/4) Lair:3 Zot: 20524   Snake (4/4) Lair:3 Zot: 18715   Slime (5/5) Lair:5 Zot: 25295
    Orc (2/2) D:10 Zot: 9512     Elf (3/3) Orc:2 Zot: 13664  Vaults (5/5) D:14 Zot: 18260
  Crypt (3/3) Vaults:2 Zot: 14298    Tomb (0/3) Crypt:3      Depths (4/4) D:15 Zot: 16892
    Zot (5/5) Depths:4 Zot: 19538   IceCv (visited)         Volcano (visited)

Altars:
Ashenzari
Cheibriados
Dithmenos
Elyvilon
Fedhas
Gozag
Hepliaklqana
Kikubaaqudgha
Makhleb
Nemelex Xobeh
Okawaru
Qazlal
Ru
Sif Muna
Trog
Uskayaw
Vehumet
Wu Jian
Xom
Yredelemnul
Zin
The Shining One
Beogh
Jiyva

Shops:
D:6 (   D:8 [   D:9 *   D:15 ?   Orc:2 *[(   Elf:1 :   Snake:2 [   Snake:3 (
Vaults:2 *   Vaults:4 [   Vaults:5 *

Portals:
Hell: Lair:5 Depths:1 Depths:2 Depths:3 Depths:4
Abyss: Depths:2 Depths:3
Pandemonium: Depths:2

Annotations:
Zig:9 Giukefig's ghost, legendary DDBr


Innate Abilities, Weirdness & Mutations

You are immune to sickness and miasma.
Your stone body is resilient. (AC +20)
You are immune to poison.
Your large and strong wings let you fly.
You resist negative energy. (rN+)
You are resistant to electric shocks. (rElec)
You are resistant to unholy torment.
You are immune to petrification.
You have supernaturally acute eyesight. (SInv)
You are somewhat resistant to further mutation.


Message History

Casting: Lehudib's Crystal Spear (mildly dangerous; 1% risk of failure)
Confirm with . or Enter, or press ? or * to list all spells.
Aiming: Lehudib's Crystal Spear (mildly dangerous; 1% risk of failure)
Press: ? - help, Shift-Dir - straight line, f/p - Giukefig's ghost
Aim: Giukefig's ghost, wielding a heavy weapon (moderately damaged, ally target, 51% to hit)
You feel a surge of power!
The crystal spear hits Giukefig's ghost!!!
Giukefig's ghost is heavily damaged.
Giukefig's ghost hits you but does no damage.
You lose 4MP, and have [28/71] MP
Casting: Lehudib's Crystal Spear (mildly dangerous; 1% risk of failure)
Confirm with . or Enter, or press ? or * to list all spells.
Aiming: Lehudib's Crystal Spear (mildly dangerous; 1% risk of failure)
Press: ? - help, Shift-Dir - straight line, f/p - Giukefig's ghost
Aim: Giukefig's ghost, wielding a heavy weapon (heavily damaged, ally target, 51% to hit)
You feel a surge of power!
The crystal spear hits Giukefig's ghost!!
Giukefig's ghost is severely damaged.
Giukefig's ghost casts a spell.
The dungeon rumbles around Giukefig's ghost!
You shudder from the earth-shattering force!!!!
Ouch! That really hurt!
* * * LOW HITPOINT WARNING * * *
You take 121 HP, and have [22/176] HP !!!!!
HP Warning !!!!!
You lose 5MP, and have [23/71] MP Blink to where?
Press: ? - help, Dir - move target, p - Giukefig's ghost
As you read the scroll of blinking, it crumbles to dust.
You feel less invigorated.
You gain 6 MP, and have [29/71] MP You feel much better.
Your spellforged servitor casts a spell at Giukefig's ghost.
The crystal spear hits Giukefig's ghost!!
Giukefig's ghost lets out a mournful wail.
Giukefig's ghost gestures wildly while chanting.
The dungeon rumbles around Giukefig's ghost!
You shudder from the earth-shattering force!!!!!
Ouch! That really hurt!
You die...

▓▓▓▓▓▓▓▓▓▓▓
▓▓..@......▓▓
▓▓...........▓▓
▓▓............!▓▓
▓▓........v....?/▓▓
▓▓.........vvW..??∩▓▓
▓.∩.....v.v)...§=)>[▓
▓▓.........9...[$[∩▓▓
▓▓............)[)▓▓
▓▓.............▓▓


You could see Giukefig's ghost (distracted, ally target), a friendly spellforged
servitor (summoned) and 5 friendly fire vortices.

Vanquished Creatures
  the Royal Jelly (Slime:5)
  11 orbs of fire
  6 ancient liches
  5 dread liches
  Mennas (Vaults:4)
  Xtahua (Depths:4)
  A royal mummy (Crypt:3)
  Vv (Depths:4)
  6 Killer Klowns
  Bai Suzhen (Snake:3)
  Vashnia (Snake:3)
  3 curse toes
  2 caustic shrikes
  The ghost of Kimaxt the Thanatomancer, a veteran DjAE of Makhleb (Vaults:1)
  17 golden dragons
  Nikola (Swamp:1)
  3 bone dragons
  5 electric golems
  Jorgrun (Elf:2)
  25 Orb Guardians (Zot:5)
  Zenata (Vaults:4)
  A Hell Sentinel (Zig:6)
  Mlioglotl (Snake:1)
  15 tentacled monstrosities
  A shard shrike skeleton (Abyss:3)
  A hellephant (Zig:4)
  11 liches
  Asterion (Depths:1)
  A walking crystal tome (Depths:3)
  4 deep elf blademasters
  3 titans
  3 deep elf master archers
  A walking frostbound tome (Depths:3)
  5 quicksilver dragons
  An acid blob (shapeshifter) (Depths:3)
  7 sphinxes
  19 acid blobs
  11 ancient champions
  3 Executioners (Zot:1)
  7 death cobs
  16 tentacled starspawn
  5 thorn hunters
  Aizul (Snake:2)
  Frances (Snake:1)
  16 shadow dragons
  7 tengu reavers
  Gastronok (Lair:3)
  16 storm dragons
  7 revenants
  3 nagarajas (Snake:4)
  Roxanne (Elf:3)
  A daeva (Abyss:4)
  2 fenstrider witches (Swamp:4)
  9 fire giants
  10 azure jellies
  3 draconian monks
  14 protean progenitors
  A fenstrider witch (shapeshifter) (Zig:5)
  9 frost giants
  17 rockslimes
  8 draconian knights
  14 vault wardens
  7 balrugs
  3 iron dragons
  5 deep elf sorcerers
  2 ghost moths
  3 draconian shifters
  2 caustic shrike zombies
  5 draconian scorchers
  An iron dragon (shapeshifter) (Depths:3)
  A juggernaut zombie (Crypt:2)
  A reaper (Abyss:3)
  5 draconian stormcallers
  A deep elf elementalist (Depths:3)
  4 curse skulls
  3 cacodemons (Abyss:4)
  A juggernaut skeleton (Crypt:3)
  3 ghouls
  2 orc warlords
  A broodmother (shapeshifter) (Depths:3)
  A spriggan defender (Depths:2)
  16 ironbound preservers
  9 quicksilver oozes
  3 draconian annihilators
  3 formless jellyfish
  10 very ugly things
  2 caustic shrike skeletons (Crypt:2)
  The ghost of dcgchant the Thaumaturge, a journeyman GnIE of Ashenzari (Lair:5)
  8 vampire knights
  6 eleionomae
  10 stone giants
  9 deep elf death magi
  7 ironbound thunderhulks
  15 deep elf demonologists
  A lorocyproca (Abyss:4)
  10 black draconians
  7 green draconians
  14 deep elf annihilators
  3 bunyips
  11 purple draconians
  2 bennus (Zig:7)
  15 white draconians
  10 yellow draconians
  Azrael (D:13)
  7 red draconians
  8 eidola
  17 dire elephants
  A merfolk javelineer (Depths:1)
  A green death (Vaults:5)
  7 blizzard demons
  8 fire dragons
  8 ettins
  2 crystal guardians
  8 deep elf high priests
  8 jiangshi
  A mummy priest (Zig:7)
  11 yaktaur captains
  4 entropy weavers
  3 rakshasas
  A spriggan zombie (Crypt:3)
  6 ogre magi
  7 great orbs of eyes
  19 hydras
  5 ice dragons
  Erolcha (D:10)
  9 salamander tyrants
  6 alligators
  A peacekeeper (Vaults:2)
  29 vault guards
  2 ghost crabs
  A spriggan skeleton (Crypt:1)
  2 jorogumos (shapeshifter)
  20 centaur warriors
  5 spriggan air magi
  Erica (D:11)
  An alligator (shapeshifter) (Depths:3)
  2 catoblepae
  8 ironbound frosthearts
  11 anacondas
  A hell beast (Zig:6)
  25 dancing weapons
  14 boulder beetles
  3 hell hogs
  A death scarab (Zig:7)
  10 thrashing horrors
  6 two-headed ogres
  3 death yaks
  2 death knights (Crypt:2)
  4 deep troll shamans
  10 deep troll earth magi
  9 vampire magi
  13 naga sharpshooters
  2 spriggan berserkers
  3 soul eaters
  6 spriggans
  16 hell knights
  3 tengu warriors
  2 occultists
  7 naga warriors
  10 shock serpents
  Amaemon (D:7)
  Sonja (Orc:2)
  14 deep elf knights
  5 shadow wraiths
  2 skysharks (Zot:2)
  4 sun demons
  A titan skeleton (Crypt:2)
  4 salamander mystics
  9 wretched stars
  7 iron trolls
  A spatial maelstrom (Abyss:2)
  2 sixfirhies
  A sea snake (Zot:3)
  4 goliath frogs
  12 skeletal warriors
  3 death drakes
  A goliath frog (shapeshifter) (Depths:3)
  A swamp dragon (shapeshifter) (Vaults:5)
  8 mana vipers
  7 naga ritualists
  2 quicksilver dragon simulacra (Depths:3)
  6 glowing orange brains
  14 swamp dragons
  48 deep trolls
  6 flayed ghosts
  6 bog bodies
  2 sun moths (Depths:3)
  11 ironbound convokers
  A steelbarb worm (shapeshifter) (Zig:6)
  3 spriggan druids
  6 orc knights
  14 necromancers
  Pikel (D:7)
  A thermic dynamo (Zig:8)
  An obsidian statue (Zig:8)
  12 deep elf archers
  3 harpies (Vaults:2)
  8 arcanists (Vaults:2)
  12 phantasmal warriors
  A jorogumo zombie (Crypt:2)
  15 lindwurms
  3 orange crystal statues
  32 deep elf zephyrmancers
  2 oklob plants (Lair:2)
  A shining eye (shapeshifter) (Vaults:5)
  A wolf spider (Lair:4)
  21 deep elf pyromancers
  39 ugly things
  14 salamanders
  2 wolf spiders (shapeshifter) (Depths:3)
  8 shining eyes
  A human zombie (Vaults:4)
  5 orc sorcerers
  The ghost of Xayden the Changeling, a novice OpSh of Wu Jian (D:6)
  2 will-o-the-wisps
  3 cyclopes
  A manticore (D:11)
  2 kobold blastminers (Orc:2)
  9 meliai
  19 moths of wrath
  A worldbinder (Abyss:4)
  9 large abominations
  A naga zombie (Crypt:2)
  A formless jellyfish zombie (Crypt:3)
  38 black mambas
  A centaur zombie (Crypt:3)
  A fire giant zombie (Crypt:2)
  2 apocalypse crabs
  14 vault sentinels
  7 guardian serpents
  A meliai (shapeshifter) (D:15)
  21 elephants
  A black mamba (shapeshifter) (Elf:1)
  14 cane toads
  4 ice statues
  7 smoke demons
  A torpor snail (shapeshifter) (Zig:6)
  A cane toad (shapeshifter) (D:14)
  16 naga magi
  An eye of devastation (shapeshifter) (Depths:2)
  9 storm dragon simulacra (IceCv)
  An eye of devastation (Slime:2)
  2 gargoyles
  2 dire elephant skeletons
  Jeremiah (Lair:1)
  5 orange demons
  A mana viper skeleton (Crypt:3)
  12 komodo dragons
  An unseen horror zombie (D:6)
  A hellion (Zig:2)
  5 kobold demonologists
  9 rime drakes
  5 tengu conjurers
  9 freezing wraiths
  A bunyip simulacrum (Crypt:1)
  An efreet (D:13)
  The ghost of Ickud the Covered, a novice GrFi (Zot:3)
  A swamp worm zombie (Crypt:2)
  A grey draconian skeleton (Crypt:1)
  21 yaktaurs
  4 guardian mummies
  2 unseen horrors (D:12)
  3 golden dragon simulacra (IceCv)
  3 ancient zymes
  3 ice devils (Lair:5)
  A catoblepas skeleton (Crypt:1)
  A red draconian skeleton (Crypt:3)
  A green draconian skeleton (Crypt:3)
  A yellow draconian skeleton (Crypt:2)
  2 harpy zombies
  2 red devils (Volcano)
  3 hellwings
  3 polar bears
  2 bloated husks
  5 hornets
  6 trolls
  A tarantella (Lair:4)
  9 tyrant leeches
  A harpy skeleton (Crypt:1)
  A shadow dragon simulacrum (Vaults:4)
  A hydra skeleton (Abyss:2)
  A guardian serpent zombie (Crypt:3)
  23 blink frogs
  6 dream sheep (Lair:5)
  23 raiju
  5 air elementals
  3 glass eyes (Zot:1)
  A snapping turtle (shapeshifter) (Vaults:4)
  A fire giant simulacrum (Vaults:4)
  9 water elementals
  2 spriggans (shapeshifter)
  2 jumping spiders (Lair:4)
  129 slime creatures
  An ettin zombie (Crypt:3)
  A shadow (D:11)
  2 ynoxinuls (Abyss:4)
  A naga simulacrum (Abyss:2)
  4 humans
  9 wyverns
  6 vampires
  9 wraiths
  A tyrant leech zombie (Crypt:1)
  43 yaks
  An ushabti (Zig:7)
  6 fire bats (Abyss:4)
  Grum (D:8)
  9 basilisks
  14 golden eyes
  7 fire elementals
  A steam dragon (Lair:2)
  A human (shapeshifter) (Depths:3)
  3 neqoxecs
  7 redbacks
  8 vampire mosquitoes
  3 wargs (Orc:2)
  21 swamp worms
  7 chaos spawn
  A swamp worm (shapeshifter) (Depths:3)
  2 acid dragons
  A spatial vortex (Abyss:2)
  43 nagas
  22 water moccasins
  A human skeleton (Zig:7)
  A two-headed ogre skeleton (Crypt:2)
  9 hell hounds
  A demonspawn skeleton (Crypt:2)
  A faun skeleton (Crypt:3)
  An ice beast (shapeshifter) (Vaults:5)
  2 ice beasts
  A water nymph skeleton (Crypt:1)
  12 swamp drakes
  A sky beast (D:7)
  A fire dragon simulacrum (Crypt:1)
  22 laughing skulls
  46 orc warriors
  6 black bears
  6 small abominations
  8 ogres
  4 ice dragon simulacra (IceCv)
  19 wolves
  A manticore skeleton (Crypt:1)
  17 centaurs
  A hog zombie (Crypt:1)
  A lemure (D:7)
  2 phantoms
  10 kobold brigands
  A komodo dragon zombie (Crypt:3)
  A yaktaur zombie (Crypt:3)
  3 brain worms
  13 bullfrogs
  3 earth elementals
  5 scorpions
  10 wights
  5 lindwurm simulacra (IceCv)
  9 killer bees (D:9)
  A human simulacrum (Vaults:4)
  5 electric eels
  8 howler monkeys
  4 lava snakes (Lair:4)
  3 quasits
  A wyvern simulacrum (D:6)
  A jelly (Abyss:4)
  23 orc priests
  Crazy Yiuf (D:5)
  2 hounds
  29 starcursed masses
  A centaur skeleton (D:6)
  2 iguanas
  2 sleepcaps
  35 orc wizards
  4 hell rats (Lair:5)
  A statue (D:8)
  A crocodile zombie (Crypt:1)
  17 mummies
  7 gnolls
  4 adders
  A shadow imp (D:6)
  2 white imps
  A howler monkey simulacrum (D:6)
  An iguana skeleton (Crypt:3)
  8 dart slugs
  A ribbon worm (D:3)
  116 orcs
  8 ball pythons
  7 endoplasms
  3 giant cockroaches
  8 goblins
  5 hobgoblins
  4 quokkas
  3 training dummies (Snake:3)
  6 bats
  4 frilled lizards
  2 frilled lizard skeletons (Crypt:1)
  30 kobolds
  4 rats
  A rat skeleton (Crypt:2)
  19 aspiring fleshes
  7 starspawn tentacles
2727 creatures vanquished.

Vanquished Creatures (collateral kills)
  2 orbs of fire (Zot:5)
  Sojobo (Depths:1)
  A golden dragon (Zot:2)
  3 shadow dragons
  A tengu reaver (Vaults:5)
  2 vault wardens (Vaults:5)
  An ironbound preserver (Vaults:5)
  A stone giant (Vaults:5)
  A very ugly thing (Abyss:4)
  A demonspawn black sun (Zig:9)
  A green draconian (Zot:5)
  2 black draconians
  A deep elf death mage (Zig:9)
  A spark wasp (Depths:1)
  An ettin (Depths:1)
  A great orb of eyes (Slime:2)
  A vault guard (Vaults:5)
  A two-headed ogre (shapeshifter) (Vaults:5)
  A demonic crawler (Abyss:4)
  A deep troll earth mage (Depths:1)
  A deep troll shaman (Depths:1)
  2 skeletal warriors (Crypt:2)
  A sixfirhy (Abyss:4)
  A wretched star (Abyss:4)
  A deep troll (shapeshifter) (Depths:2)
  3 deep trolls
  2 large abominations (Abyss:4)
  A vault sentinel (Vaults:5)
  A yaktaur (Vaults:5)
  A starcursed mass (Abyss:2)
  A harpy skeleton (Abyss:4)
  A raiju (Abyss:4)
  3 slime creatures
  A water elemental (Depths:1)
  A glowing shapeshifter zombie (Zig:7)
  2 laughing skulls (Abyss:4)
  A snapping turtle skeleton (Crypt:2)
  An aspiring flesh (Zig:5)
  A starspawn tentacle (Abyss:4)
51 creatures vanquished.

Vanquished Creatures (others)
  A fenstrider witch (Swamp:2)
  A ghost moth (Zot:4)
  3 bog bodies (Swamp:2)
  An unseen horror (Abyss:3)
  2 bloated husks
  A tarantella (shapeshifter) (Vaults:5)
  4 chaos spawn (Abyss:4)
  3 orcs (D:11)
  72 fire vortices
  4 foxfires (Swamp:3)
  A lurking horror (Abyss:4)
  20 starspawn tentacles
113 creatures vanquished.

Grand Total: 2891 creatures vanquished

Notes
Turn   | Place    | Note
-------+----------+-------------------------------------------
     0 | D:1      | moXom the Gargoyle Earth Elementalist began the quest for
                  | the Orb.
     0 | D:1      | Reached XP level 1. HP: 10/10 MP: 3/3
   131 | D:1      | Reached skill level 4 in Earth Magic
   166 | D:1      | Reached XP level 2. HP: 15/15 MP: 1/5
   743 | D:1      | Reached XP level 3. HP: 19/19 MP: 6/6
   758 | D:1      | Reached skill level 5 in Earth Magic
   914 | D:1      | Learned a level 3 spell: Stone Arrow
  1841 | D:3      | Reached XP level 4. HP: 24/24 MP: 7/7
  1922 | D:3      | Found an ornate altar of the Wu Jian Council.
  1969 | D:3      | Reached skill level 6 in Earth Magic
  2089 | D:3      | Found a glowing silver altar of Zin.
  2090 | D:3      | Noticed an angel
  2283 | D:3      | Found a hazy altar of Hepliaklqana.
  2341 | D:4      | Found a staircase to the Ecumenical Temple.
  2350 | Temple   | Entered the Ecumenical Temple
  2379 | Temple   | Became a worshipper of Sif Muna the Loreminder
  2672 | D:4      | Reached skill level 1 in Fighting
  2672 | D:4      | Reached skill level 1 in Invocations
  2672 | D:4      | Reached XP level 5. HP: 29/29 MP: 8/8
  2797 | D:4      | Reached * piety under Sif Muna
  2920 | D:4      | Reached skill level 7 in Earth Magic
  2923 | D:4      | Reached XP level 6. HP: 30/35 MP: 9/9
  3318 | D:5      | Entered Level 5 of the Dungeon
  3517 | D:5      | Reached XP level 7. HP: 35/40 MP: 10/10
  3532 | D:5      | Reached skill level 8 in Earth Magic
  3772 | D:5      | Found a hide-covered altar of Uskayaw.
  4042 | D:5      | Found a runed translucent door.
  4043 | D:5      | Noticed Crazy Yiuf
  4102 | D:5      | Learned a level 2 spell: Blink
  4133 | D:5      | Killed Crazy Yiuf
  4198 | D:6      | Reached skill level 9 in Earth Magic
  4264 | D:6      | Found Niteunel's Weapon Emporium.
  4270 | D:6      | Bought a throwing net for 36 gold pieces
  4275 | D:6      | Found a shadowy altar of Dithmenos.
  4715 | D:6      | Reached XP level 8. HP: 46/46 MP: 11/11
  4828 | D:6      | Found a blossoming altar of Fedhas.
  4996 | D:6      | Found a runed translucent gate.
  4996 | D:6      | Found a runed translucent gate.
  4996 | D:6      | Found a runed translucent gate.
  4997 | D:6      | Noticed Xayden's ghost (novice OpSh)
  5255 | D:7      | Reached skill level 10 in Earth Magic
  5255 | D:7      | Reached skill level 5 in Invocations
  5334 | D:7      | Reached ** piety under Sif Muna
  5530 | D:7      | Reached skill level 5 in Conjurations
  5530 | D:7      | Reached XP level 9. HP: 34/52 MP: 11/13
  5620 | D:7      | Noticed Pikel
  5653 | D:7      | Killed Pikel
  6055 | D:7      | Found a sacrificial altar of Ru.
  6055 | D:7      | Found a bloodstained altar of Trog.
  6077 | D:7      | Reached skill level 5 in Fighting
  6093 | D:7      | Found a glowing golden altar of the Shining One.
  6200 | D:8      | Found Fielegg's Armour Shoppe.
  6399 | D:8      | Noticed Grum
  6803 | D:8      | Noticed Amaemon
  6805 | D:8      | Noticed an orange demon
  6844 | D:7      | Killed Amaemon
  6845 | D:7      | Reached XP level 10. HP: 36/59 MP: 12/15
  6977 | D:8      | Killed an orange demon
  6978 | D:8      | Reached skill level 10 in Conjurations
  7051 | D:8      | Reached *** piety under Sif Muna
  7179 | D:8      | Found a radiant altar of Vehumet.
  7549 | D:8      | Killed Grum
  7807 | D:9      | Found a snail-covered altar of Cheibriados.
  7991 | D:9      | Found a staircase to the Lair.
  8014 | D:9      | Reached skill level 11 in Earth Magic
  8038 | D:9      | Reached **** piety under Sif Muna
  8069 | D:9      | Noticed a kobold demonologist
  8115 | D:9      | Found Caolo's Changing Room.
  8132 | D:9      | Reached XP level 11. HP: 63/63 MP: 18/18
  8148 | D:9      | Reached skill level 5 in Spellcasting
  8178 | D:9      | Bought a potion of lignification for 30 gold pieces
  8178 | D:9      | Bought a potion of lignification for 30 gold pieces
  8178 | D:9      | Bought a potion of lignification for 30 gold pieces
  8294 | D:9      | Found a stormy altar of Qazlal.
  8859 | D:10     | Entered Level 10 of the Dungeon
  8871 | D:10     | Found a sparkling altar of Nemelex Xobeh.
  8955 | D:10     | Reached skill level 5 in Stealth
  9053 | D:10     | Reached skill level 12 in Earth Magic
  9221 | D:10     | Found a transporter.
  9223 | D:10     | Found a transporter.
  9264 | D:10     | Noticed Erolcha
  9276 | D:10     | Noticed a boulder beetle
  9339 | Lair:1   | Entered Level 1 of the Lair of Beasts
  9339 | Lair:1   | Noticed Jeremiah
  9436 | Lair:1   | Killed Jeremiah
  9553 | Lair:1   | Noticed a catoblepas
  9569 | Lair:1   | Killed a catoblepas
  9569 | Lair:1   | Reached ***** piety under Sif Muna
 10025 | Lair:1   | Reached skill level 13 in Earth Magic
 10029 | Lair:1   | Received a gift from Sif Muna
 10087 | Lair:1   | Got Jivohy's Precepts of Hurtful Stones {god gift}
 10094 | Lair:1   | Learned a level 5 spell: Irradiate
 10101 | Lair:1   | Learned a level 6 spell: Starburst
 10199 | Lair:1   | Reached XP level 12. HP: 69/69 MP: 22/22
 10684 | Lair:2   | Noticed an eight-headed hydra
 10703 | Lair:1   | Killed an eight-headed hydra
 10948 | Lair:2   | Noticed an eight-headed hydra
 10972 | Lair:2   | Killed an eight-headed hydra
 12007 | Lair:1   | Reached skill level 14 in Earth Magic
 12191 | Lair:3   | Noticed Gastronok
 12230 | Lair:3   | Killed Gastronok
 12231 | Lair:3   | Reached XP level 13. HP: 76/76 MP: 25/25
 12533 | Lair:3   | Found a staircase to the Snake Pit.
 12811 | Lair:3   | Found a staircase to the Swamp.
 13361 | Lair:4   | Found a runed translucent door.
 13950 | Lair:4   | Reached skill level 15 in Earth Magic
 13986 | Lair:4   | Got Vehumet's Encyclopedia of Conjuring and the Traveller
 14387 | Lair:5   | Entered Level 5 of the Lair of Beasts
 14570 | Lair:5   | Received a gift from Sif Muna
 14571 | Lair:5   | Got Sif Muna's Opusculum on Malisons and Position {god
                  | gift}
 14672 | Lair:5   | Learned a level 4 spell: Iskenderun's Mystic Blast
 14789 | Lair:5   | Reached skill level 10 in Spellcasting
 14821 | Lair:5   | Reached skill level 1 in Fire Magic
 14821 | Lair:5   | Gained mutation: Your large and strong wings let you fly.
                  | [Gargoyle growth]
 14821 | Lair:5   | Reached XP level 14. HP: 37/84 MP: 28/28
 14868 | Lair:5   | Found a runed translucent door.
 15154 | Lair:4   | Reached skill level 10 in Invocations
 15911 | Lair:5   | Found a burning altar of Makhleb.
 16331 | Lair:5   | Found a gateway to Hell.
 16548 | Lair:5   | Found a staircase to the Slime Pits.
 16630 | Lair:5   | Found a viscous altar of Jiyva.
 17210 | Lair:5   | Noticed dcgchant's ghost (journeyman GnIE)
 17630 | D:10     | Killed Erolcha
 17631 | D:10     | Reached skill level 5 in Fire Magic
 17886 | D:10     | Learned a level 6 spell: Bombard
 18280 | D:10     | Found a roughly hewn altar of Beogh.
 18282 | D:10     | Found a staircase to the Orcish Mines.
 18289 | D:10     | Received a gift from Sif Muna
 18877 | Orc:1    | Entered Level 1 of the Orcish Mines
 18909 | Orc:2    | Entered Level 2 of the Orcish Mines
 18936 | Orc:1    | Reached skill level 15 in Conjurations
 18965 | Orc:1    | Found a roughly hewn altar of Beogh.
 19015 | Orc:2    | Found a radiant altar of Vehumet.
 19067 | Orc:2    | Found a roughly hewn altar of Beogh.
 19068 | Orc:2    | Found a staircase to the Elven Halls.
 19095 | Orc:2    | Noticed Sonja
 19098 | Orc:2    | Killed Sonja
 19128 | Orc:2    | Reached XP level 15. HP: 63/89 MP: 15/29
 19167 | Orc:1    | Found a dark tunnel.
 19175 | Volcano  | Entered a volcano
 19232 | Volcano  | Reached skill level 10 in Stealth
 19849 | Orc:2    | Noticed an orc warlord
 19875 | Orc:2    | Received a gift from Sif Muna
 19885 | Orc:2    | Killed an orc warlord
 20169 | Orc:2    | Got Celoukes's Tome of Ironbound Violence {god gift}
 20572 | Orc:2    | Found a roughly hewn altar of Beogh.
 20584 | Orc:2    | Found a roughly hewn altar of Beogh.
 20635 | Orc:2    | Found a roughly hewn altar of Beogh.
 20635 | Orc:2    | Found Xotod's General Store.
 20773 | Orc:2    | Bought a potion of lignification for 51 gold pieces
 20773 | Orc:2    | Bought a potion of curing for 51 gold pieces
 20773 | Orc:2    | Bought a scroll of identify for 34 gold pieces
 20773 | Orc:2    | Bought a scroll of vulnerability for 68 gold pieces
 20955 | Orc:2    | Found Cukomnua's Antique Armour Shoppe.
 20956 | Orc:2    | Found a roughly hewn altar of Beogh.
 20957 | Orc:2    | Found Moyxt's Antique Weapon Emporium.
 20970 | Orc:2    | Bought a twisted cloak for 304 gold pieces
 20970 | Orc:2    | Identified the +0 cloak "Irer" {Str+4} (You bought it in a
                  | shop on level 2 of the Orcish Mines)
 21068 | Orc:2    | Found a roughly hewn altar of Beogh.
 21068 | Orc:2    | Found Soumeuz's Magic Scroll Boutique.
 21076 | Orc:2    | Bought a scroll of fear for 60 gold pieces
 21076 | Orc:2    | Bought a scroll of enchant armour for 112 gold pieces
 21076 | Orc:2    | Bought 3 scrolls of immolation for 180 gold pieces
 21076 | Orc:2    | Bought a scroll of summoning for 142 gold pieces
 21076 | Orc:2    | Bought a scroll of silence for 142 gold pieces
 21076 | Orc:2    | Bought a scroll of poison for 60 gold pieces
 21076 | Orc:2    | Bought a scroll of identify for 30 gold pieces
 21076 | Orc:2    | Bought a scroll of identify for 30 gold pieces
 21076 | Orc:2    | Bought a scroll of revelation for 112 gold pieces
 21316 | Orc:2    | Found a roughly hewn altar of Beogh.
 21838 | D:11     | Noticed Erica
 21845 | D:11     | Killed Erica
 22143 | D:11     | Reached skill level 1 in Armour
 24836 | D:13     | Noticed Azrael
 24853 | D:13     | Killed Azrael
 25576 | D:14     | Identified the +0 scale mail of Bocuaw {rPois rC+}
 26334 | D:14     | Found a gate to the Vaults.
 26469 | D:14     | Reached skill level 16 in Earth Magic
 26832 | D:14     | Reached XP level 16. HP: 89/97 MP: 31/31
 26906 | D:14     | Received a gift from Sif Muna
 26986 | D:14     | Got Sif Muna's Omnibus of Earthen Subspace {god gift}
 27122 | D:14     | Reached skill level 10 in Fighting
 27507 | D:15     | Entered Level 15 of the Dungeon
 27743 | D:15     | Found Rizxysh's Magic Scroll Emporium.
 27766 | D:15     | Found a shimmering altar of Xom.
 27766 | D:15     | Found a shimmering altar of Xom.
 27767 | D:15     | Found a shimmering altar of Xom.
 27767 | D:15     | Found a shimmering altar of Xom.
 27768 | D:15     | Found a shimmering altar of Xom.
 27768 | D:15     | Found a shimmering altar of Xom.
 27768 | D:15     | Found a shimmering altar of Xom.
 27769 | D:15     | Found a shimmering altar of Xom.
 27770 | D:15     | Found a shimmering altar of Xom.
 27770 | D:15     | Found a shimmering altar of Xom.
 28860 | D:15     | Reached skill level 5 in Armour
 28915 | D:15     | Found an opulent altar of Gozag.
 29104 | D:15     | Found a staircase to the Depths.
 29817 | Snake:1  | Entered Level 1 of the Snake Pit
 29899 | Snake:1  | Found a glacial archway.
 29915 | IceCv    | Entered an ice cave
 30102 | IceCv    | Reached skill level 17 in Earth Magic
 31421 | IceCv    | Received a gift from Sif Muna
 31530 | IceCv    | Got Sif Muna's Enchiridion on the Manifold Fifth Circle
                  | {god gift}
 31536 | IceCv    | Identified the ring of the Komtur {Will+ MP+9}
 31539 | IceCv    | Got the Vellum of Glaciation
 31544 | IceCv    | Identified the ring of Agoffuo {Ice Fly Will+}
 31852 | Snake:1  | Noticed Mlioglotl
 32043 | Snake:1  | Killed Mlioglotl
 32093 | Snake:1  | Noticed Frances
 32099 | Snake:1  | Killed Frances
 32455 | Snake:2  | Found Eghuoh's Armour Boutique.
 32636 | Snake:2  | Reached XP level 17. HP: 102/102 MP: 21/32
 32766 | Snake:2  | Reached skill level 18 in Earth Magic
 33630 | Snake:3  | Identified the serpent talisman "Peshrudgh" {Str+5 Dex+2
                  | SInv}
 33630 | Snake:3  | Noticed Aizul
 33641 | Snake:2  | Killed Aizul
 33914 | Snake:3  | Noticed Bai Suzhen
 33915 | Snake:3  | Found a broken altar of Ashenzari.
 33923 | Snake:3  | Killed Bai Suzhen
 34088 | Snake:3  | Received a gift from Sif Muna
 34136 | Snake:3  | Noticed Vashnia
 34445 | Snake:3  | Killed Vashnia
 34449 | Snake:3  | Reached skill level 19 in Earth Magic
 34553 | Snake:3  | Identified a scroll of acquirement
 34596 | Snake:3  | Found Venk's Firing Range.
 35108 | Snake:4  | Entered Level 4 of the Snake Pit
 35294 | Snake:4  | Reached skill level 10 in Fire Magic
 35668 | Snake:4  | Reached XP level 18. HP: 96/107 MP: 16/34
 36445 | Snake:4  | Received a gift from Sif Muna
 36454 | Snake:4  | Got Ituhu's Spellbook of Hurtful Topomancy {god gift}
 36573 | Snake:4  | Got a serpentine rune of Zot
 36708 | Swamp:1  | Entered Level 1 of the Swamp
 36779 | Swamp:1  | Reached skill level 20 in Earth Magic
 36988 | Swamp:1  | Noticed Nikola
 36995 | Swamp:1  | Killed Nikola
 37088 | Swamp:1  | Identified the +7 hand axe "Bitzafu" {freeze, Int+5}
 37754 | Swamp:2  | You are sucked into a shaft and drop 1 floor!
 39028 | Swamp:4  | Entered Level 4 of the Swamp
 39070 | Swamp:4  | Noticed a tentacled monstrosity
 39075 | Swamp:4  | Killed a tentacled monstrosity
 39220 | Swamp:4  | Received a gift from Sif Muna
 39228 | Swamp:4  | Got Sif Muna's Exposition on Phlogiston and Venom {god
                  | gift}
 39304 | Swamp:4  | Learned a level 7 spell: Orb of Destruction
 39386 | Swamp:4  | Reached XP level 19. HP: 112/112 MP: 9/36
 39394 | Swamp:4  | Reached skill level 21 in Earth Magic
 39815 | Swamp:4  | Paralysed by a fenstrider witch for 4 turns
 40028 | Swamp:4  | Got a decaying rune of Zot
 40692 | D:15     | Bought a scroll of torment for 95 gold pieces
 40692 | D:15     | Bought a scroll of enchant armour for 75 gold pieces
 40692 | D:15     | Bought a scroll of enchant armour for 75 gold pieces
 40692 | D:15     | Bought a scroll of silence for 95 gold pieces
 40692 | D:15     | Bought a scroll of enchant armour for 75 gold pieces
 40692 | D:15     | Bought a scroll of noise for 10 gold pieces
 40692 | D:15     | Bought a scroll of brand weapon for 95 gold pieces
 40952 | Snake:3  | Bought a throwing net for 45 gold pieces
 40952 | Snake:3  | Bought a throwing net for 45 gold pieces
 41178 | Vaults:1 | Entered Level 1 of the Vaults
 41763 | Vaults:1 | Received a gift from Sif Muna
 41769 | Vaults:1 | Got Sif Muna's Tome of Arrival and the Quake {god gift}
 42065 | Vaults:1 | Found a large runed translucent door.
 42065 | Vaults:1 | Found a large runed translucent door.
 42484 | Vaults:1 | Reached skill level 22 in Earth Magic
 43052 | Vaults:1 | Noticed Kimaxt's ghost (veteran DjAE)
 43803 | Vaults:2 | Reached XP level 20. HP: 117/117 MP: 30/38
 44013 | Vaults:2 | Found Corph's General Store.
 44177 | Vaults:2 | Bought a scroll of immolation for 44 gold pieces
 44177 | Vaults:2 | Bought a potion of attraction for 33 gold pieces
 44177 | Vaults:2 | Bought a scroll of teleportation for 33 gold pieces
 44285 | Vaults:2 | Received a gift from Sif Muna
 44632 | Vaults:2 | Found a staircase to the Crypt.
 45116 | Vaults:2 | Reached skill level 23 in Earth Magic
 46376 | Vaults:3 | Reached skill level 15 in Spellcasting
 46708 | Vaults:3 | Identified the +5 arbalest of Sloth {freeze, *Corrode rC+
                  | Stlth+}
 46762 | Vaults:3 | Received a gift from Sif Muna
 46769 | Vaults:3 | Reached skill level 24 in Earth Magic
 46791 | Vaults:3 | Got Limoamah's Secrets of the Profulgent Volcano {god gift}
 46927 | Vaults:3 | Found Agyer's Distillery.
 46945 | Vaults:3 | Bought a potion of might for 68 gold pieces
 46945 | Vaults:3 | Bought a potion of invisibility for 136 gold pieces
 46945 | Vaults:3 | Bought a potion of resistance for 170 gold pieces
 46945 | Vaults:3 | Bought a potion of magic for 136 gold pieces
 46945 | Vaults:3 | Bought a potion of heal wounds for 85 gold pieces
 46945 | Vaults:3 | Bought a potion of curing for 51 gold pieces
 46945 | Vaults:3 | Bought a potion of ambrosia for 136 gold pieces
 46945 | Vaults:3 | Bought a potion of brilliance for 68 gold pieces
 46945 | Vaults:3 | Bought a potion of ambrosia for 136 gold pieces
 46945 | Vaults:3 | Bought a potion of ambrosia for 136 gold pieces
 47398 | Vaults:4 | Noticed Mennas
 47675 | Vaults:4 | Reached XP level 21. HP: 118/122 MP: 26/40
 47943 | Vaults:4 | Reached skill level 25 in Earth Magic
 48024 | Vaults:4 | Noticed Zenata
 48034 | Vaults:4 | Killed Zenata
 48531 | Vaults:4 | Found Qeyvoirch's Armour Shop.
 48879 | Vaults:4 | Received a gift from Sif Muna
 48880 | Vaults:4 | Got Sif Muna's Guide on the Coals and the Nimbus {god gift}
 49684 | Lair:5   | Killed dcgchant's ghost
 49917 | D:6      | Killed Xayden's ghost
 50236 | Lair:4   | Found a runed translucent gate.
 50236 | Lair:4   | Found a runed translucent gate.
 50236 | Lair:4   | Found a runed translucent gate.
 50236 | Lair:4   | Found a runed translucent gate.
 50237 | Lair:4   | Found a runed translucent gate.
 50238 | Lair:4   | Found a runed translucent gate.
 50599 | Elf:1    | Entered Level 1 of the Elven Halls
 50831 | Elf:1    | Identified the amulet of Goxkatuf {Acrobat rN+ Stlth+}
 50865 | Elf:1    | Found Batead's Book Boutique.
 50927 | Elf:1    | Found an ancient bone altar of Kikubaaqudgha.
 51606 | Elf:1    | Found an ancient bone altar of Kikubaaqudgha.
 51826 | Elf:2    | Found a runed translucent gate.
 51826 | Elf:2    | Found a runed translucent gate.
 51827 | Elf:2    | Found a runed translucent gate.
 52269 | Elf:2    | Noticed Jorgrun
 52278 | Elf:2    | Killed Jorgrun
 52379 | Elf:2    | Received a gift from Sif Muna
 52433 | Elf:2    | Got Sif Muna's Spellbook of Skeletons and Summoning {god
                  | gift}
 52773 | Elf:3    | Entered Level 3 of the Elven Halls
 53064 | Elf:3    | Reached XP level 22. HP: 130/132 MP: 11/41
 53193 | Elf:3    | Noticed Roxanne
 53594 | Elf:3    | Killed Roxanne
 54108 | Elf:3    | Identified the ring "Ytibb" {rCorr Dex+6}
 54212 | Elf:3    | Identified the +7 chain mail of Compassion {-Tele rCorr
                  | Str+3 Dex+4}
 54416 | Elf:3    | Identified the +0 pair of gloves "Xorod" {rElec rPois
                  | Str+3}
 54440 | Elf:3    | Got Advanced Steps in Concealed Wisdom
 54475 | Elf:3    | Identified the +11 scale mail of Esmov {Will+ Str+3}
 55392 | D:15     | Learned a level 9 spell: Shatter
 55401 | D:15     | Learned a level 8 spell: Lehudib's Crystal Spear
 55410 | D:15     | Learned a level 5 spell: Irradiate
 55421 | D:15     | Learned a level 7 spell: Spellforged Servitor
 55572 | Vaults:5 | Entered Level 5 of the Vaults
 55577 | Vaults:5 | Received a gift from Sif Muna
 55577 | Vaults:5 | Noticed a dread lich
 55578 | Vaults:5 | Killed a dread lich
 55749 | Vaults:5 | Noticed a dread lich
 55753 | Vaults:5 | Killed a dread lich
 56112 | Vaults:5 | Reached XP level 23. HP: 135/143 MP: 42/42
 56366 | Vaults:5 | Received a gift from Sif Muna
 56474 | Vaults:5 | Got Sif Muna's Octavo of the Aggregated Fjord {god gift}
 56485 | Vaults:5 | Noticed a golden dragon
 56488 | Vaults:5 | Killed a golden dragon
 56565 | Vaults:5 | Noticed a golden dragon
 56580 | Vaults:5 | Killed a golden dragon
 56582 | Vaults:5 | Reached skill level 15 in Fighting
 56593 | Vaults:5 | Identified the orb of Uve Jiarch {*channel, Slay+3 Ice}
 56598 | Vaults:5 | Noticed a golden dragon
 56601 | Vaults:5 | Killed a golden dragon
 56703 | Vaults:5 | Noticed an ancient lich
 56705 | Vaults:5 | Killed an ancient lich
 56945 | Vaults:5 | Got Sif Muna's Notes on the Quake and the Torch {god gift}
 57020 | Vaults:5 | Identified the +0 ring mail of Hepliaklqana's Envy {rElec
                  | rN+++ Str-3 Int-2}
 57091 | Vaults:5 | Found the +3 hat of Pondering {ponderous, Will+ MP+10
                  | Int+5}
 57244 | Vaults:5 | Found Baogihet's Assorted Antiques.
 57263 | Vaults:5 | Bought a scroll of amnesia for 96 gold pieces
 57263 | Vaults:5 | Bought a scroll of teleportation for 72 gold pieces
 57263 | Vaults:5 | Bought a scroll of vulnerability for 96 gold pieces
 57267 | Vaults:5 | Got a silver rune of Zot
 57606 | Vaults:5 | Identified the +4 chain mail of Xiptil {rF+ rN++}
 57608 | Vaults:5 | Identified the +1 quarterstaff "Jellyslayer" {speed, rC+
                  | rN+ Will+}
 57610 | Vaults:5 | Identified the amulet of Cieppisu {Reflect Dex+2 SH+5}
 57621 | Vaults:5 | Identified the +6 chain mail "Ocom Fet" {rF- rN++ Dex+6}
 58179 | D:15     | Acquired the scarf "Biec" {repulsion, rC+++}
 58588 | Depths:1 | Entered Level 1 of the Depths
 58710 | Depths:1 | Noticed Asterion
 58714 | Depths:1 | Killed Asterion
 58790 | Depths:1 | Noticed Sojobo
 58799 | Depths:1 | Killed Sojobo
 59531 | Depths:1 | Noticed a caustic shrike
 59538 | Depths:1 | Killed a caustic shrike
 59644 | Depths:1 | Identified the ring of Seirph {MP+9 Str+3 Dex+4 Slay+3}
 59701 | Depths:1 | Identified the +5 shortbow of Gravity {heavy, Str+3 Int+6}
 59984 | Depths:2 | Received a gift from Sif Muna
 59989 | Depths:2 | Got Goetaohu's Incunabulum of Reconfigured Congelation {god
                  | gift}
 60082 | Depths:2 | Reached XP level 24. HP: 148/150 MP: 44/44
 60599 | Depths:2 | Found a one-way gate leading to the halls of Pandemonium.
 60793 | Depths:2 | Found a one-way gate to the infinite horrors of the Abyss.
 61166 | Depths:2 | Noticed a caustic shrike
 61169 | Depths:2 | Killed a caustic shrike
 61228 | Depths:2 | Identified the +6 mace of Ignis {elec, Int+3}
 61868 | Depths:3 | Noticed a dread lich
 61870 | Depths:3 | Killed a dread lich
 61971 | Depths:3 | Received a gift from Sif Muna
 62156 | Depths:3 | Got Difi's Teachings on Marshalled Nonlocality {god gift}
 62298 | Depths:3 | Identified the staff "Conservator" {rElec Str+2 Tloc Air}
 62712 | Depths:3 | Found a one-way gateway to a ziggurat.
 62959 | Depths:4 | Entered Level 4 of the Depths
 62960 | Depths:4 | Noticed Vv
 62963 | Depths:4 | Noticed a juggernaut
 62965 | Depths:4 | Killed Vv
 63052 | Depths:4 | Found a portal to a secret trove of treasure.
 63422 | Depths:4 | Noticed Xtahua
 63428 | Depths:4 | Killed Xtahua
 63537 | Depths:4 | Received a gift from Sif Muna
 63554 | Depths:4 | Got Sif Muna's Tome of Linear Kinetic Energy {god gift}
 63595 | Depths:4 | Reached XP level 25. HP: 155/155 MP: 47/47
 63621 | Depths:4 | Identified the +7 demon whip of Eternal Harmony {spect,
                  | rElec rCorr Int+3 Dex-4}
 63837 | Depths:4 | Found a gate to the Realm of Zot.
 64027 | Zot:1    | Entered Level 1 of the Realm of Zot
 64097 | Zot:1    | Noticed an orb of fire
 64337 | D:10     | Learned a level 9 spell: Fire Storm
 64453 | Crypt:1  | Entered Level 1 of the Crypt
 65792 | Crypt:2  | Noticed an ancient lich
 66093 | Crypt:2  | Found the +6 Majin-Bo {spellvamp, MP+6 Int+6}
 66228 | Crypt:2  | Killed an ancient lich
 66486 | Crypt:3  | Entered Level 3 of the Crypt
 66696 | Crypt:3  | Received a gift from Sif Muna
 66697 | Crypt:3  | Got Sif Muna's Catalogue of Accompaniment and Voltage {god
                  | gift}
 66851 | Crypt:3  | Found a staircase to the Tomb.
 67242 | Crypt:3  | Received a gift from Sif Muna
 67243 | Crypt:3  | Got Sif Muna's Collected Works on the Helpful Iceberg {god
                  | gift}
 67275 | Crypt:3  | Noticed a royal mummy
 67280 | Crypt:3  | Killed a royal mummy
 67683 | Crypt:3  | Found an ancient bone altar of Kikubaaqudgha.
 67690 | Crypt:3  | Found a basalt altar of Yredelemnul.
 67897 | Crypt:3  | Identified the ring of Awue {AC+4 Str+3}
 67899 | Crypt:3  | Identified the +4 ring mail of Mezcal {+Blink rElec Regen+
                  | Int-4}
 67925 | Crypt:3  | Got the Catalogue of Necromancy
 67926 | Crypt:3  | Identified the staff of Stickiness {rN+ Will- rCorr Dex+3
                  | SInv Necro Earth}
 68325 | Depths:4 | Killed an orb of fire
 68331 | Zot:1    | Reached XP level 26. HP: 97/160 MP: 41/48
 69188 | Zot:1    | Reached skill level 15 in Fire Magic
 69999 | Zot:1    | Identified the +0 scale mail of Decompression {*Corrode
                  | rElec Str+4 Int+5}
 70715 | Zot:2    | Received a gift from Sif Muna
 70808 | Zot:2    | Reached skill level 26 in Earth Magic
 70839 | Zot:2    | Noticed an orb of fire
 70985 | Zot:2    | Killed an orb of fire
 71281 | Zot:2    | Found a stormy altar of Qazlal.
 72267 | Zot:3    | Found a runed translucent gate.
 72267 | Zot:3    | Noticed an orb of fire
 72288 | Zot:3    | Found a runed translucent gate.
 72289 | Zot:3    | Found a runed translucent gate.
 72289 | Zot:3    | Noticed Ickud's ghost (novice GrFi)
 73093 | Zot:3    | Killed Ickud's ghost
 73094 | Zot:3    | Killed an orb of fire
 73273 | Zot:4    | Reached XP level 27. HP: 155/165 MP: 13/49
 73616 | Zot:4    | Received a gift from Sif Muna
 73778 | Zot:4    | Reached skill level 27 in Earth Magic
 74021 | Zot:4    | Identified the +0 plate armour of the Untouchables {Will+
                  | Dex+2}
 74142 | Zot:4    | Noticed an orb of fire
 74144 | Zot:4    | Gained mutation: You are robust. (+10% HP) [an orb of fire]
 74145 | Zot:4    | Gained mutation: Your spells are a little easier to cast,
                  | but a little less powerful. [an orb of fire]
 74148 | Zot:4    | Gained mutation: Your body sometimes deteriorates upon
                  | taking damage. [an orb of fire]
 74150 | Zot:4    | Killed an orb of fire
 74866 | Zot:4    | Noticed an orb of fire
 74871 | Zot:4    | Killed an orb of fire
 75720 | Zot:5    | Entered Level 5 of the Realm of Zot
 75901 | Zot:5    | Noticed an orb of fire
 75903 | Zot:5    | Noticed an orb of fire
 75904 | Zot:5    | Noticed an orb of fire
 75905 | Zot:5    | Noticed an ancient lich
 75905 | Zot:5    | Noticed an orb of fire
 76240 | Zot:5    | Noticed an ancient lich
 76242 | Zot:5    | Killed an ancient lich
 76248 | Zot:5    | Noticed a dread lich
 76251 | Zot:5    | Killed a dread lich
 76254 | Zot:5    | Gained mutation: You are clumsy. (Dex -2) [an orb of fire]
 76255 | Zot:5    | Gained mutation: You occasionally lose the ability to read
                  | scrolls when taking damage. [an orb of fire]
 76264 | Zot:5    | Killed an orb of fire
 76394 | Zot:5    | Killed an orb of fire
 76651 | Zot:5    | Noticed an orb of fire
 76657 | Zot:5    | Killed an orb of fire
 76676 | Zot:5    | Noticed an ancient lich
 76688 | Zot:5    | Killed an orb of fire
 76690 | Zot:5    | Killed an ancient lich
 76805 | Zot:5    | Noticed an orb of fire
 76828 | Zot:5    | Killed an orb of fire
 77326 | Zot:5    | Noticed a dread lich
 77326 | Zot:5    | Noticed an orb of fire
 77330 | Zot:5    | Killed a dread lich
 77333 | Zot:5    | Killed an orb of fire
 77566 | Zot:5    | Noticed an ancient lich
 77571 | Zot:5    | Killed an ancient lich
 77695 | Zot:5    | Killed an ancient lich
 77703 | Zot:5    | Received a gift from Sif Muna
 78055 | Zot:5    | Noticed an orb of fire
 78060 | Zot:5    | Killed an orb of fire
 78238 | Zot:5    | Gained mutation: You are dopey. (Int -2) [an orb of fire]
 78240 | Zot:5    | Gained mutation: Your health recovers twice as slowly from
                  | being drained. [an orb of fire]
 78246 | Zot:5    | Killed an orb of fire
 78938 | Slime:1  | Entered Level 1 of the Pits of Slime
 79916 | Slime:1  | Received a gift from Sif Muna
 80645 | Slime:2  | Reached ****** piety under Sif Muna
 81748 | Slime:4  | Received a gift from Sif Muna
 81755 | Slime:4  | Got Taskuwk's Codex of Lamentation {god gift}
 82196 | Slime:5  | Entered Level 5 of the Pits of Slime
 82247 | Slime:5  | Noticed the Royal Jelly
 82437 | Slime:5  | Killed the Royal Jelly
 82639 | Slime:5  | Identified the ring "Duedizoy" {rElec rPois Will+ SInv}
 82642 | Slime:5  | Identified the ring "Etsastri" {rF+ rCorr Str+3 Dex+3}
 82748 | Slime:5  | Identified the amulet of Nihilism {rN+ Regen+}
 82751 | Slime:5  | Got a slimy rune of Zot
 82752 | Slime:5  | Identified the +7 orcbow of Wopiduoc {heavy, rElec Str+5}
 83719 | Depths:4 | You showed the slimy rune of Zot to enter a treasure trove
 83720 | Trove    | Entered a treasure trove
 83727 | Trove    | Identified the +0 kite shield "Zariah" {rElec rC+ Regen+
                  | Dex-5}
 83743 | Trove    | Identified the amulet "Isoiheto" {Acrobat rCorr Str+3
                  | Int+3}
 83757 | Trove    | Identified the +1 hand axe of Iconoclasm {heavy, rF+ Int+2}
 83765 | Trove    | Identified the amulet of the Destroying Gods {Fly Will+
                  | Regen+ Int-2 Stlth+}
 83778 | Trove    | Identified the +5 great sword of Iconoclasm {freeze, rPois
                  | rF++}
 84009 | Vaults:1 | Killed Kimaxt's ghost
 84223 | Vaults:4 | Killed Mennas
 84425 | Depths:2 | Voluntarily entered the Abyss.
 84696 | Abyss:2  | Received a gift from Sif Muna
 84701 | Abyss:2  | Got Sif Muna's Volume of the Voyage and Hyperthermia {god
                  | gift}
 84979 | Abyss:2  | Found a corrupted altar of Lugonu.
 84993 | Depths:2 | Escaped the Abyss
 84994 | Depths:2 | Lost mutation: You are dopey. (Int -2) [potion of mutation]
 84994 | Depths:2 | Lost mutation: You are robust. (+10% HP) [potion of
                  | mutation]
 84994 | Depths:2 | Lost mutation: Your spells are a little easier to cast, but
                  | a little less powerful. [potion of mutation]
 84994 | Depths:2 | Gained mutation: You are robust. (+10% HP) [potion of
                  | mutation]
 84994 | Depths:2 | Gained mutation: You have supernaturally acute eyesight.
                  | (SInv) [potion of mutation]
 84995 | Depths:2 | Lost mutation: You occasionally lose the ability to read
                  | scrolls when taking damage. [potion of mutation]
 84995 | Depths:2 | Lost mutation: Your health recovers twice as slowly from
                  | being drained. [potion of mutation]
 84995 | Depths:2 | Lost mutation: Your body sometimes deteriorates upon taking
                  | damage. [potion of mutation]
 84995 | Depths:2 | Gained mutation: You are weak. (Str -2) [potion of
                  | mutation]
 84996 | Depths:2 | Lost mutation: You are weak. (Str -2) [potion of mutation]
 84996 | Depths:2 | Lost mutation: You are clumsy. (Dex -2) [potion of
                  | mutation]
 84996 | Depths:2 | Lost mutation: You are robust. (+10% HP) [potion of
                  | mutation]
 84996 | Depths:2 | Gained mutation: You are somewhat resistant to further
                  | mutation. [potion of mutation]
 85063 | Depths:2 | Voluntarily entered the Abyss.
 85613 | Abyss:3  | Found a corrupted altar of Lugonu.
 86280 | Depths:2 | Escaped the Abyss
 86477 | Depths:2 | Voluntarily entered the Abyss.
 86499 | Abyss:4  | Got an abyssal rune of Zot
 86588 | Abyss:4  | Noticed a dread lich
 86591 | Depths:2 | Escaped the Abyss
 86782 | Zig:1    | Entered Level 1 of a ziggurat
 86799 | Zig:2    | Entered Level 2 of a ziggurat
 86854 | Zig:3    | Entered Level 3 of a ziggurat
 86913 | Zig:4    | Entered Level 4 of a ziggurat
 86966 | Zig:4    | Identified the +5 dagger of the Jester {venom, rPois Str+4}
 86969 | Zig:5    | Entered Level 5 of a ziggurat
 87032 | Zig:6    | Entered Level 6 of a ziggurat
 87114 | Zig:6    | Identified the staff "Nilluef" {rCorr Summ Earth}
 87116 | Zig:6    | Identified the staff of Capital Punishment {rN+ Str+3
                  | Necro}
 87126 | Zig:7    | Entered Level 7 of a ziggurat
 87209 | Zig:7    | Identified the +7 rapier of Nurturing Quick Death {venom,
                  | *Rage rElec rPois}
 87213 | Zig:7    | Identified the +4 trident of Eternal Vigilance {flame,
                  | Int+4}
 87219 | Zig:8    | Entered Level 8 of a ziggurat
 87229 | Zig:8    | Found the +8 mithril axe "Arga" {speed, Will+}
 87284 | Zig:8    | Identified the +1 falchion "Dragonslayer" {venom, Int+5}
 87320 | Zig:9    | Entered Level 9 of a ziggurat
 87327 | Zig:9    | Noticed Giukefig's ghost (legendary DDBr)
 87342 | Zig:9    | Found the +1 robe of Vines {NoPotionHeal Regen++++}
 87350 | Zig:9    | Killed from afar by Giukefig's ghost

Illustrated notes

Levels and vault maps discovered:
D:1:      minmay_arrival_four_loops, layout_basic,
          wander_ebering_terrifying_dragon_lair
D:2:      layout_basic, serial_glass, glass_columns_c, glass_columns_c,
          glass_columns_a, glass_columns_c, glass_columns_c, glass_columns_a,
          glass_columns_a, glass_columns_a, minmay_hedge_maze
D:3:      layout_basic, mainiacjoe_overflow_chevrons,
          nicolae_hepliaklqana_hippocampus, zin_angel, skrybe_limestone_x
D:4:      kb_forest_paths, layout_basic, minmay_temple_entry_purple_smoke
D:5:      layout_cave_pools, marbit_many_paths, kennysheep_small_spiral,
          uniq_crazy_yiuf_cottage
D:6:      layout_loops_ring, fedhas_altar_4, nicolae_dithmenos_shadow_blocks,
          serial_shops, nicolae_shop_bloodbath_and_beyond,
          gammafunk_ghost_necromancy, corexii_corridor_pit
D:7:      layout_basic, mainiacjoe_overflow_alcove_2, nicolae_overflow_squiral,
          uniq_pikel
D:8:      layout_loops_ring, vehumet_statue, nicolae_take_the_stairs,
          minmay_misc_feat_plants, uniq_amaemon, uniq_grum
D:9:      layout_long_grid, mainiacjoe_overflow_six_doors_small,
          nicolae_qazlal_scattered_showers, due_lair_maze_entry_diamond,
          nicolae_transmutations_shop, hangedman_decor_growths
D:10:     gammafunk_boulding_lane, layout_irregular_city,
          nemelex_spade_bored_becter, david_orc_5, minmay_starry_boxes,
          uniq_erolcha
D:11:     layout_cave_pools, uniq_erica
D:12:     layout_grid_maze, minmay_protected_statue
D:13:     layout_loops_ring, hangedman_glass_teeth, uniq_azrael
D:14:     layout_loops_ring, hellmonk_vaults_keyhole, nicolae_hexahallways,
          serial_glass, glass_columns_b, glass_columns_c, glass_columns_b,
          glass_columns_a, glass_columns_a, glass_columns_a, glass_columns_a,
          glass_columns_c, glass_columns_a, glass_columns_a, glass_columns_a,
          glass_columns_c, glass_columns_b, glass_columns_a
D:15:     grunt_enter_depths_hoard, layout_irregular_city,
          nicolae_gozag_seed_capital, serial_shops, shop_fountains,
          chequers_decorated_corner, chequers_serial_rivers_small_a,
          xom_shifter_show
Temple:   grunt_temple_mini_profane
Lair:1:   layout_roguey, grunt_megastairs_1, serial_bayou_shore_b,
          infiniplex_staircase_pool_2, uniq_jeremiah
Lair:2:   minmay_lair_oklob_chamber, layout_chaotic_city,
          infiniplex_staircase_pool, grunt_megastairs_4, lemuel_fruit_fields
Lair:3:   layout_gridlike, minmay_swamp_entry_eels, guppyfry_snake_entry_island,
          uniq_gastronok
Lair:4:   gammafunk_indiana_jones, layout_loops_ring
Lair:5:   evil_forest, layout_misc_corridors, slime_entry_1, special_room
          [special_room_mythical_zoo], ebering_ghost_reflecting_pool,
          serial_bayou_shore_a
Swamp:1:  layout_basic_swamp, nicolae_swamp_round_clearing, swamp_pool_1_2,
          nicolae_swamp_decorative_isthmus, uniq_nikola
Swamp:2:  layout_basic_swamp, evilmike_swamp_ruin_house_4, swamp_pool_5,
          tekkud_bubbles_buried_in_this_jungle
Swamp:3:  layout_falls_marsh, evilmike_swamp_ruin_rubble_1
Swamp:4:  swamp, layout_basic_swamp
Snake:1:  layout_misc_corridors, portal_ice_cave_entry_ice_statue_two,
          grunt_ministairs_8, nicolae_snake_springs, uniq_mlioglotl,
          uniq_frances
Snake:2:  layout_misc_corridors, serial_shops, shop, nicolae_snake_omega
Snake:3:  layout_cave_town, basic_altar, nicolae_shop_firing_range,
          uniq_vashnia, uniq_bai_suzhen, uniq_aizul
Snake:4:  minmay_snake_end_coiled, layout_onion_interference
Slime:1:  layout_caves
Slime:2:  layout_caves
Slime:3:  layout_caves
Slime:4:  layout_caves
Slime:5:  slime_pit_nicolae_jellycorners
Orc:1:    layout_caves, enter_volcano_1, nicolae_orc_bridge_out, mines2_david
Orc:2:    grunt_orc_community_town_hall, layout_caves,
          grunt_orc_community_big_house_1, grunt_orc_community_big_house_1,
          grunt_orc_community_house_1, grunt_orc_community_house_3,
          grunt_orc_community_house_3, grunt_orc_community_house_2,
          grunt_orc_community_house_3, grunt_orc_community_house_3, basic_altar,
          uniq_sonja
Elf:1:    elf_arrival_001, layout_rooms, serial_shops, shop_fountains,
          guppyfry_elf_altar, minmay_misc_feat_pillars,
          small_chamber_with_monster, serial_sigils_hangedman_quiver,
          dk_noncrumbling_4, grunt_ministairs_10, lemuel_upstairs_altar
Elf:2:    elven_hall_of_blades_hangedman_original
          [nicolae_blade_entry_area_security], layout_gridlike,
          nicolae_elf_variegated_diamond, uniq_jorgrun
Elf:3:    grunt_elf_hall_asides, layout_loops_corners, st_stairs_7,
          minivault_19, uniq_roxanne
Vaults:1: ebering_ghost_disaster_area, nicolae_vaults_circle_grid_b,
          hangedman_vaults_stitches, nicolae_vaults_closet_pinwheel_5,
          nicolae_vaults_double_plus_1, nicolae_vaults_diamond_1, v_pattern_4,
          nicolae_vaults_spaceships, serial_library_regret_index_small_wings,
          nicolae_vaults_network_star, v_rooms_1, nicolae_vaults_circle_grid_b,
          grunt_vaults_hallway_long, nicolae_vaults_house_3,
          layout_vaults_omnibox
Vaults:2: regret_index_early_branch_jog, minmay_crypt_entry_simple_corners,
          v_misc_15, v_misc_30, nicolae_vaults_doubleplus_tesselated, v_misc_26,
          ontoclasm_vaults_twist, vaults_dpeg_cross, v_misc_30,
          layout_vaults_chaotic_city
Vaults:3: vaults_dpeg_diagonal, nicolae_vaults_trapezoid_layered,
          nicolae_vaults_trapezoid_1, nicolae_vaults_off_center_swirl,
          nicolae_vaults_more_shelving_1, nicolae_vaults_tetromino_T_2,
          nicolae_vaults_apartment_2, vaults_mumra_chevron,
          nicolae_vaults_variable_pillar_hall, layout_vaults_omnigrid,
          serial_shops, shop
Vaults:4: ontoclasm_vaults_ligature, v_misc_32, nicolae_vaults_network_s,
          nicolae_vaults_specimen_jars, vaults_room_stairs_pillars,
          vaults_room_corners, layout_vaults_omnicross, serial_shops,
          nicolae_shop_real_fake_doors, uniq_zenata, uniq_mennas
Vaults:5
Crypt:1:  layout_chaotic_city
Crypt:2:  minmay_guarded_unrand_majin_bo, layout_regular_city,
          roderic_lattice_octagonal_star
Crypt:3:  lightli_unholy_cathedral, layout_chaotic_city,
          nicolae_tomb_entry_unfolded_pyramid_orthogonal
Depths:1: cross_vault, layout_long_grid, serial_sigils,
          serial_sigils_hangedman_confine, serial_sigils_hangedman_carve,
          serial_sigils_hangedman_clutch, serial_sigils_hangedman_writhe,
          hell_entry, serial_bayou_pond_b, st_stairs_8,
          serial_library_regret_index_branch_corner, grunt_ministairs_15,
          uniq_asterion, uniq_enchantress, uniq_sojobo
Depths:2: minmay_rotating_shell, layout_honeycomb, solitary_fountain,
          abyss_entry, hell_entry, grunt_pan_entry_zigzag,
          infiniplex_staircase_split_hallway
Depths:3: hangedman_crystal_crosses_colossus [crystal_crosses_arms_four,
          crystal_crosses_arms_two, crystal_crosses_arms_two], abyss_entry,
          hell_entry
Depths:4: grunt_bruiser_brothers, layout_cave_pools, hellmouth_1,
          nicolae_trove_entry_free_sample, uniq_xtahua, uniq_vv
Zot:1:    regret_index_zot_pan_timeshare, layout_cathedral_of_symmetry,
          regret_index_zotdec_wing_it
Zot:2:    layout_gridlike, regret_index_zotdec_storm_pass, grunt_ministairs_7
Zot:3:    layout_gridville, gammafunk_ghost_split
Zot:4:    kennysheep_blocky_room, layout_cellular_growth,
          hangedman_zot_wheel_spokes, st_single_dragon_hoard_1,
          st_single_dragon_hoard_4, hangedman_zot_decor_unnerving_road,
          uniq_grunn
Zot:5:    layout_concentric_octagons, st_stairs_6
Zig:9

Skill      XL: |  1  2  3  4  5  6  7  8  9 10 11 12 13 14 15 16 17 18 19 20 21 22 23 24 25 26 27 |
---------------+----------------------------------------------------------------------------------+-----
Earth Magic    | 4 5 6 7 9 10 11 13 14 15 16 17 19 20 22 24 25 26 27 | 27.0
Fighting       | 1 2 3 4 5 7 8 9 10 12 14 15 19 | 19.4
Invocations    | 1 2 4 5 7 8 9 10 11 12 13 | 13.4
Conjurations   | 5 9 10 11 12 15 16 17 19 20 22 24 25 | 25.1
Spellcasting   | 4 7 8 10 11 12 13 14 15 17 20 21 22 25 | 25.1
Stealth        | 4 5 7 8 9 11 12 13 | 13.0
Fire Magic     | 1 5 7 9 10 14 16 23 | 23.0
Armour         | 3 6 |  6.0
Dodging        | |  1.5

Action                     |  1- 3 |  4- 6 |  7- 9 | 10-12 | 13-15 | 16-18 | 19-21 | 22-24 | 25-27 || total
---------------------------+-------+-------+-------+-------+-------+-------+-------+-------+-------++-------
  Melee: Unarmed           |     2 |       |       |       |       |       |       |       |       ||     2
         Long sword        |       |       |     1 |     1 |       |       |       |       |       ||     2
         Trident           |       |       |       |     5 |    47 |    28 |       |       |       ||    80
         Staff             |       |       |       |       |       |    15 |    64 |    10 |    75 ||   164
  Throw: Dart              |       |       |     2 |     1 |       |       |       |       |       ||     3
         Throwing net      |       |       |     1 |       |       |       |       |       |       ||     1
   Cast: Sandblast         |    51 |    88 |   148 |   294 |   205 |       |       |       |       ||   786
         Stone Arrow       |       |       |    16 |   115 |   387 |     2 |       |       |       ||   520
         Irradiate         |       |       |       |       |    25 |    58 |    77 |     9 |     1 ||   170
         Iskenderun's Myst |       |       |       |       |    78 |       |     5 |     3 |    31 ||   117
         Bombard           |       |       |       |       |   158 |   655 |   645 |    95 |       ||  1553
         Starburst         |       |       |       |       |     2 |    12 |    14 |    10 |       ||    38
         Orb of Destructio |       |       |       |       |       |       |    21 |       |       ||    21
         Lehudib's Crystal |       |       |       |       |       |       |       |   287 |   531 ||   818
         Spellforged Servi |       |       |       |       |       |       |       |    14 |    22 ||    36
         Shatter           |       |       |       |       |       |       |       |    85 |   343 ||   428
         Blink             |       |       |       |       |       |       |       |       |     1 ||     1
         Fire Storm        |       |       |       |       |       |       |       |       |   148 ||   148
 Invoke: Channel Magic     |       |       |       |       |     9 |    10 |     8 |    10 |    18 ||    55
  Evoke: Wand              |       |       |     1 |       |       |       |     1 |       |     1 ||     3
    Use: Scroll            |       |       |     9 |     7 |    28 |     4 |     8 |     9 |    13 ||    78
         Potion            |       |       |       |     4 |     2 |       |     1 |     4 |    11 ||    22
   Stab: Distracted        |       |       |       |       |     1 |       |       |     1 |       ||     2
         Sleeping          |       |       |       |       |     1 |       |       |       |       ||     1
 Armour: Robe              |    11 |    17 |    73 |   260 |   599 |    60 |       |       |   487 ||  1507
         Troll leather arm |       |       |       |       |       |   416 |   618 |   256 |   140 ||  1430
  Dodge: Dodged            |    11 |    14 |    46 |   153 |   296 |   199 |   248 |    56 |   241 ||  1264
         Repelled          |       |     3 |    12 |     8 |    28 |   103 |     6 |    27 |   102 ||   289
  Block: Other             |       |     7 |    24 |    19 |       |       |       |       |       ||    50
         Reflection        |       |       |     2 |     2 |       |       |       |       |       ||     4
         Buckler           |       |       |       |    12 |       |       |       |       |       ||    12

Table legend: (Time is in decaauts)
 A = Elapsed time spent in this place.
 B = Non-inter-level travel time spent in this place.
 C = Inter-level travel time spent in this place.
 D = Time resting spent in this place.
 E = Time spent auto-exploring this place.
 F = Levels seen in this place.
 G = Mean time per level.
                   A        B        C        D        E       F      G
               +--------+--------+--------+--------+--------+-----+--------+
         Total |  89609 |  78791 |  10818 |   2423 |  60696 |  74 | 1210.9 |
       Dungeon |  21943 |  18275 |   3668 |     77 |  15213 |  15 | 1462.9 |
        Temple |     54 |      3 |     51 |      0 |      0 |   1 |   54.0 |
          Lair |   9571 |   8128 |   1443 |    361 |   6019 |   5 | 1914.2 |
         Swamp |   3475 |   3248 |    227 |     51 |   2575 |   4 |  868.8 |
     Snake Pit |   5284 |   4865 |    419 |    160 |   3635 |   4 | 1321.0 |
    Slime Pits |   4704 |   4433 |    271 |    180 |   2920 |   5 |  940.8 |
  Orcish Mines |   2487 |   2250 |    237 |     42 |   1642 |   2 | 1243.5 |
   Elven Halls |   4335 |   3872 |    463 |    152 |   2946 |   3 | 1445.0 |
        Vaults |  11739 |  10059 |   1680 |    316 |   7878 |   5 | 2347.8 |
         Crypt |   3701 |   3477 |    224 |     33 |   2789 |   3 | 1233.7 |
        Depths |   7107 |   5668 |   1439 |     67 |   4719 |   4 | 1776.8 |
           Zot |  10461 |   9769 |    692 |    156 |   8006 |   5 | 2092.2 |
         Abyss |   1949 |   1949 |      0 |    425 |    735 |   6 |  324.8 |
      Ziggurat |    588 |    588 |      0 |      0 |    371 |   9 |   65.3 |
         Trove |     85 |     85 |      0 |      0 |     47 |   1 |   85.0 |
      Ice Cave |   1726 |   1726 |      0 |    314 |    957 |   1 | 1726.0 |
       Volcano |    392 |    392 |      0 |     88 |    240 |   1 |  392.0 |
               +--------+--------+--------+--------+--------+-----+--------+

Top non-repeatable levels by time:
Vaults:2: 3181 daAuts
  Lair:5: 3079 daAuts
    D:14: 2961 daAuts
    D:15: 2786 daAuts
Depths:2: 2731 daAuts
Vaults:5: 2495 daAuts
   Zot:1: 2442 daAuts
Vaults:1: 2369 daAuts
   Zot:5: 2343 daAuts
    D:10: 2288 daAuts
   Zot:4: 2232 daAuts
   Zot:3: 2039 daAuts
    D:13: 2035 daAuts
  Lair:4: 2013 daAuts
   Elf:3: 2002 daAuts
